 Dungeon Crawl Stone Soup version 0.28-a0-43-g560ac104fe (webtiles) character file.

Game seed: 10124131268907584123

28 Lekart the Skirmisher (level 2, -1/23 (27) HPs)
             Began as a Draconian Chaos Knight on July 28, 2021.
             Was a Plaything of Xom.
             Slain by a necrophage (4 damage)
             ... on level 2 of the Dungeon.
             The game lasted 00:00:56 (977 turns).

Lekart the Skirmisher (Draconian Chaos Knight)       Turns: 977, Time: 00:00:57

HP:   -1/23 (27)    AC:  4    Str: 14    XL:     2   Next: 96%
MP:   2/2           EV: 12    Int: 12    God:    Xom [......]
Gold: 41            SH:  0    Dex: 10    Spells: 1/1 levels left

rFire   . . .      SeeInvis .   a - +0 falchion (chaos)
rCold   . . .      Faith    .   (no shield)
rNeg    . . .      Spirit   .   (armour unavailable)
rPois   .          Reflect  .   (helmet restricted)
rElec   .          Harm     .   (no cloak)
rCorr   .          Rampage  .   (no gloves)
Will    .....                   (no boots)
Stlth   +.........              (no amulet)
HPRegen 0.07/turn               (no ring)
MPRegen 0.08/turn               (no ring)

@: heavily drained
A: AC +4, unfitting armour, cold-blooded
a: Renounce Religion


You were on level 2 of the Dungeon.
You worshipped Xom.
You were a very special plaything of Xom.
You visited 1 branch of the dungeon, and saw 2 of its levels.

You collected 41 gold pieces.

Inventory:

Hand Weapons
 a - a +0 falchion of chaos (weapon)
Potions
 e - 2 potions of curing


   Skills:
 + Level 3.8 Fighting
 + Level 3.5 Long Blades
 + Level 2.3 Dodging


You had one spell level left.
You didn't know any spells.
Your spell library was empty.

Dungeon Overview and Level Annotations

Branches:
Dungeon (2/15)

Altars:


Innate Abilities, Weirdness & Mutations

Your plain brown scales are hard. (AC +4)
You cannot fit into any form of body armour.
You are cold-blooded and may be slowed by cold attacks.


Message History

The giant cockroach completely misses you.
The necrophage closely misses you. The giant cockroach barely misses you.
You riposte.
You closely miss the giant cockroach.
Unknown command.
You barely miss the necrophage.
The necrophage is heavily damaged.
The giant cockroach closely misses you. The necrophage closely misses you.
You riposte.
You hit the necrophage. You freeze the necrophage.
The necrophage is severely damaged.
You closely miss the necrophage.
The necrophage is severely damaged.
The giant cockroach closely misses you.
The necrophage hits you but does no damage.
You miss the necrophage.
The necrophage is severely damaged.
The giant cockroach bites you. The necrophage closely misses you.
The giant cockroach bites you but does no damage.
You closely miss the necrophage.
The necrophage is severely damaged.
The necrophage hits you. The giant cockroach bites you.
You hit the necrophage.
The necrophage is severely damaged.
The necrophage hits you but does no damage.
The giant cockroach misses you.
You barely miss the necrophage.
The necrophage is severely damaged.
The giant cockroach bites you but does no damage.
The necrophage hits you.
* * * LOW HITPOINT WARNING * * *
A shower of butterflies erupts from you!
You feel drained.
* * * LOW HITPOINT WARNING * * *
The giant cockroach completely misses you.
You riposte.
You hit the giant cockroach but do no damage.
You closely miss the necrophage.
The necrophage is severely damaged.
The necrophage hits you.
You die...
Xom giggles madly!

.......+.......##...........
.......#.##..#.##..#########
.......#.....#.##..# .......
####+#.#####.#.##..# #######
#. ..#.....# #...... ##
#######.# .##### #.# #
#.###########.# #
#...bn@Bb.....# #
################# #
#........ .# . # #.##....#
.#.#.# #.##....# ###.#.#.#
#.##....# #.....#.#
#.##....# #.....#.#
#.##....# #.....+.#
#<##....# #.....#.#


You could see a necrophage (agile, ally target) and a giant cockroach
(summoned).

Vanquished Creatures
  A ball python (D:1)
  An endoplasm (D:1)
  A giant cockroach (D:1)
  2 goblins (D:1)
  4 hobgoblins
  4 jackals (D:1)
  2 quokkas (D:1)
  2 bats (D:1)
  4 frilled lizards
  A kobold (D:1)
  3 rats (D:1)
25 creatures vanquished.

Notes
Turn   | Place    | Note
-------+----------+-------------------------------------------
     0 | D:1      | Lekart the Draconian Chaos Knight began the quest for the
                  | Orb.
     0 | D:1      | Reached XP level 1. HP: 19/19 MP: 1/1
    69 | D:1      | XOM: divination: magic mapping
    94 | D:1      | Reached XP level 2. HP: 26/26 MP: 2/2
   950 | D:2      | Noticed a necrophage
   952 | D:2      | XOM: summons 2 hostile shadow creatures
   960 | D:2      | XOM: polymorph hobgoblin -> giant cockroach
   976 | D:2      | XOM: butterfly on damage
   977 | D:2      | Slain by a necrophage

Illustrated notes

Levels and vault maps discovered:
D:1:      dpeg_arrival_arbitrary_b, layout_basic
D:2:      layout_basic, basic_ecumenical_altar

Action                   || total
-------------------------++-------
Melee: Falchion          ||    72
       Tailslap          ||     9
  Use: Scroll            ||     3
       Potion            ||     1
Armor: Skin              ||    28
Dodge: Dodged            ||    56
       Rpst.: Falchion   ||    18

Table legend: (Time is in decaauts)
 A = Elapsed time spent in this place.
 B = Non-inter-level travel time spent in this place.
 C = Inter-level travel time spent in this place.
 D = Time resting spent in this place.
 E = Time spent auto-exploring this place.
 F = Levels seen in this place.
 G = Mean time per level.
                   A        B        C        D        E       F      G
               +--------+--------+--------+--------+--------+-----+--------+
         Total |    986 |    971 |     15 |      0 |    810 |   2 |  493.0 |
       Dungeon |    986 |    971 |     15 |      0 |    810 |   2 |  493.0 |
               +--------+--------+--------+--------+--------+-----+--------+

Top non-repeatable levels by time:
     D:1: 803 daAuts
     D:2: 182 daAuts
